SKY
ATLANTA BRAVES @ MIAMI MARLINS
03/02/2052
 
TOP OF THE 1ST
Atlanta Braves batting - Pitching for Miami Marlins : RHP Kelly Acitelli
Pitching: RHP Kelly Acitelli
Batting: RHB Phooka May 0-0: Swinging Strike
0-1: Fly out, F6 (Line Drive, 6, EV 66.9 MPH)
Batting: SHB Scott Hill 0-0: Called Strike
0-1: Fly out, F6 (Popup, 6D, EV 45.6 MPH)
Batting: RHB Josias Jaynes 0-0: Ball
1-0: Ball
2-0: Foul Ball, location: 2F
2-1: Ground out 5-3 (Groundball, 56, EV 103.8 MPH)
Top of the 1st over - 0 runs, 0 hits, 0 errors, 0 left on base; Atlanta 0 - Miami 0
BOTTOM OF THE 1ST
Miami Marlins batting - Pitching for Atlanta Braves : LHP Caiden Tiffin
Pitching: LHP Caiden Tiffin
Batting: RHB Edgar Lara 0-0: Ball
1-0: Called Strike
1-1: SINGLE (Line Drive, 6MD, EV 98.8 MPH)
Batting: RHB Ghordy Paño 0-0: Called Strike
0-1: Foul Ball, location: 9LDF
0-2: Ball
1-2: Foul Ball, location: 9LDF
1-2: Ball
2-2: Strikes out swinging
Batting: RHB Taylor Shepler 0-0: Called Strike
0-1: Called Strike
0-2: Ball
1-2: Ball
2-2: Fly out, F7 (Flyball, 7D, EV 95.0 MPH)
Batting: RHB Sam Calder 0-0: Ball
1-0: Swinging Strike
1-1: Fielders Choice at 2nd, 5-4 (Groundball, 56, EV 78.1 MPH)
Bottom of the 1st over - 0 runs, 1 hit, 0 errors, 1 left on base; Atlanta 0 - Miami 0
TOP OF THE 2ND
Atlanta Braves batting - Pitching for Miami Marlins : RHP Kelly Acitelli
Batting: LHB Billy Shimer 0-0: Ball
1-0: Ball
2-0: Ball
3-0: Called Strike
3-1: Base on Balls
Batting: RHB Jagger Macon 0-0: Ball
1-0: Ball
2-0: Hit by Pitch
Billy Shimer to second
Batting: LHB Braylen De Witt 0-0: Called Strike
0-1: Bunted foul
0-2: Strikes out swinging
Batting: RHB Aiden Newman 0-0: Called Strike
0-1: Swinging Strike
0-2: Ball
1-2: Ball
2-2: Strikes out swinging
Batting: RHB John Krueckeberg 0-0: Called Strike
0-1: Ball
1-1: SINGLE (Line Drive, 7S, EV 95.0 MPH)
Billy Shimer to third
Jagger Macon to second
Runner from 3rd tries for Home, SAFE, throw by LF to home
Batting: RHB Will Howard 0-0: Ball
1-0: Swinging Strike
1-1: Ball
2-1: Ball
3-1: Called Strike
3-2: Ground out 6-3 (Groundball, 6M, EV 90.0 MPH)
Top of the 2nd over - 1 run, 1 hit, 0 errors, 2 left on base; Atlanta 1 - Miami 0
BOTTOM OF THE 2ND
Miami Marlins batting - Pitching for Atlanta Braves : LHP Caiden Tiffin
Batting: RHB Matías Iñiguez 0-0: Called Strike
0-1: Ball
1-1: Foul Ball, location: 5DF
1-2: Ball
2-2: Ball
3-2: Fly out, F8 (Flyball, 8LS, EV 83.8 MPH)
Batting: RHB Jackson Sims 0-0: Ball
1-0: Ball
2-0: SINGLE (Groundball, 34D, EV 97.5 MPH)
Batting: RHB Sherman Sanchez 0-0: Ball
1-0: 2-RUN HOME RUN (Flyball, 7LD, EV 98.8 MPH), Distance : 377 ft
Batting: RHB Travis Williams 0-0: Foul Ball, location: 7LMF
0-1: Ball
1-1: Ground out 5-3 (Groundball, 56, EV 78.8 MPH)
Pitching: RHP Miguel Valdez
Batting: RHB Kasey Cherry 0-0: Called Strike
0-1: Ball
1-1: Ball
2-1: Ball
3-1: SINGLE (Groundball, 34D, EV 106.3 MPH)
Batting: RHB Edgar Lara 0-0: Ball
1-0: Called Strike
1-1: Ball
2-1: Foul Ball, location: 2F
2-2: Foul Ball, location: 9LMF
2-2: Fly out, F7 (Line Drive, 78M, EV 85.6 MPH)
Bottom of the 2nd over - 2 runs, 3 hits, 0 errors, 1 left on base; Atlanta 1 - Miami 2
TOP OF THE 3RD
Atlanta Braves batting - Pitching for Miami Marlins : RHP Kelly Acitelli
Batting: RHB Phooka May 0-0: Called Strike
0-1: Fly out, F8 (Line Drive, 8LD, EV 93.1 MPH)
Batting: SHB Scott Hill 0-0: Foul Ball, location: 2F
0-1: Foul Ball, location: 3FF
0-2: Ground out U3 (Groundball, 3L, EV 98.8 MPH)
Batting: RHB Josias Jaynes 0-0: Ball
1-0: Called Strike
1-1: Ball
2-1: Ball
3-1: Foul Ball, location: 7LMF
3-2: Ground out 5-3 (Groundball, 5S, EV 69.4 MPH)
Top of the 3rd over - 0 runs, 0 hits, 0 errors, 0 left on base; Atlanta 1 - Miami 2
BOTTOM OF THE 3RD
Miami Marlins batting - Pitching for Atlanta Braves : RHP Miguel Valdez
Batting: RHB Ghordy Paño 0-0: Swinging Strike
0-1: Foul Ball, location: 3DF
0-2: Ball
1-2: Ball
2-2: Foul Ball, location: 3F
2-2: SINGLE (Line Drive, 89S, EV 95.6 MPH)
Batting: RHB Taylor Shepler 0-0: Called Strike
0-1: Ball
1-1: Ball
2-1: Foul Ball, location: 2F
2-2: Foul Ball, location: 23F
2-2: Fly out, F7 (Flyball, 78M, EV 86.3 MPH)
Batting: RHB Sam Calder 0-0: Ball
1-0: Swinging Strike
1-1: Grounds into double play, 6-4-3 (Groundball, 6, EV 93.8 MPH)
Bottom of the 3rd over - 0 runs, 1 hit, 0 errors, 0 left on base; Atlanta 1 - Miami 2
TOP OF THE 4TH
Atlanta Braves batting - Pitching for Miami Marlins : RHP Kelly Acitelli
Pitching: RHP Marco Ortiz
Batting: LHB Billy Shimer 0-0: Called Strike
0-1: Ball
1-1: Ground out 6-3 (Groundball, 6, EV 90.0 MPH)
Batting: RHB Jagger Macon 0-0: Called Strike
0-1: Ball
1-1: Foul Ball, location: 9LSF
1-2: Ball
2-2: Strikes out looking
Batting: LHB Braylen De Witt 0-0: Called Strike
0-1: Ball
1-1: Fly out, F8 (Flyball, 8LM, EV 80.0 MPH)
Top of the 4th over - 0 runs, 0 hits, 0 errors, 0 left on base; Atlanta 1 - Miami 2
BOTTOM OF THE 4TH
Miami Marlins batting - Pitching for Atlanta Braves : RHP Miguel Valdez
Pitching: RHP Tommy Todd
Batting: RHB Matías Iñiguez 0-0: Ball
1-0: Ball
2-0: Foul Ball, location: 23F
2-1: Ball
3-1: Called Strike
3-2: Foul Ball, location: 3FF
3-2: Base on Balls
Batting: RHB Jackson Sims 0-0: Ball
1-0: Foul Ball, location: 3FF
1-1: Called Strike
1-2: Ball
2-2: Strikes out swinging
Batting: RHB Sherman Sanchez 0-0: Foul Ball, location: 25F
0-1: Ball
1-1: Ball
2-1: Ball
3-1: Fly out, F8 (Line Drive, 8RD, EV 93.1 MPH)
Batting: RHB Travis Williams 0-0: Ball
1-0: Ball
2-0: Ball
3-0: Called Strike
3-1: Swinging Strike
3-2: Foul Ball, location: 5FF
3-2: Strikes out looking
Bottom of the 4th over - 0 runs, 0 hits, 0 errors, 1 left on base; Atlanta 1 - Miami 2
TOP OF THE 5TH
Atlanta Braves batting - Pitching for Miami Marlins : RHP Marco Ortiz
Pitching: LHP Erwin Bombara
Now at 2B: Sherman Sanchez
Now at 3B: Shelly Banks
Now at SS: Standen Mocadlo
Now in LF: Kasey Cherry
Now in CF: Kyle Campbell
Now in RF: Joshua Roberts
Batting: RHB Aiden Newman 0-0: Ball
1-0: Ball
2-0: Called Strike
2-1: Foul Ball, location: 9LMF
2-2: Foul Ball, location: 5F
2-2: Foul Ball, location: 9LSF
2-2: SINGLE (Groundball, 4MD, EV 100.6 MPH)
Batting: RHB John Krueckeberg 0-0: Ball
1-0: Called Strike
1-1: Swinging Strike
1-2: Ball
2-2: Ball
3-2: Strikes out swinging
Pitching: RHP Rick Young
Pinch Hitting: RHB Ryan Felker 0-0: Called Strike
Aiden Newman steals 2nd base
0-1: Foul Ball, location: 2F
0-2: Foul Ball, location: 9LDF
0-2: Strikes out swinging
Pinch Hitting: RHB Jase Lucas 0-0: Ball
1-0: Foul Ball, location: 9LDF
1-1: Ball
2-1: 2-RUN HOME RUN (Flyball, 78XD, EV 113.1 MPH), Distance : 456 ft
Batting: SHB Scott Hill 0-0: Called Strike
0-1: Ball
1-1: Fly out, F8 (Flyball, 8RS, EV 91.9 MPH)
Top of the 5th over - 2 runs, 2 hits, 0 errors, 0 left on base; Atlanta 3 - Miami 2
BOTTOM OF THE 5TH
Miami Marlins batting - Pitching for Atlanta Braves : RHP Tommy Todd
Pitching: RHP Eufemio Aleman
Now at 3B: C.J. Chayrez
Now in CF: Wyatt Ritter
Pinch Hitting: LHB Russ Hicks 0-0: Ball
1-0: Ball
2-0: SINGLE (Groundball, 4MD, EV 100.6 MPH)
Batting: LHB Joshua Roberts 0-0: Called Strike
0-1: Ball
1-1: Ball
2-1: Ball
3-1: Sac Bunt to 3S - play at first, batter OUT! 3-1
Russ Hicks to second
Pinch Hitting: LHB David Almager 0-0: Ball
1-0: Called Strike
1-1: Foul Ball, location: 7LMF
1-2: Ball
2-2: Ball
3-2: Fly out, F8 (Flyball, 8RD, EV 95.6 MPH)
Pinch Hitting: LHB Michael Clark 0-0: Fly out, F9 (Line Drive, 89D, EV 92.5 MPH)
Bottom of the 5th over - 0 runs, 1 hit, 0 errors, 1 left on base; Atlanta 3 - Miami 2
TOP OF THE 6TH
Atlanta Braves batting - Pitching for Miami Marlins : RHP Rick Young
Now at 1B: Russ Hicks
Now at 2B: Ryan Ou
Now at 3B: David Almager
Now in LF: Michael Clark
Pinch Hitting: RHB Paul Carter 0-0: Ball
1-0: Ball
2-0: Called Strike
2-1: DOUBLE (Flyball, 78XD, EV 108.1 MPH)
Pitching: RHP Billy Ott
Pinch Hitting: RHB Lee Stuhr 0-0: Ball
1-0: Called Strike
1-1: Ball
2-1: Ball
3-1: Foul Ball, location: 2F
3-2: Strikes out swinging
Batting: RHB Jagger Macon 0-0: Called Strike
0-1: Ball
1-1: Ball
2-1: Ground out 4-3 (Groundball, 4MS, EV 82.5 MPH)
Paul Carter to third
Batting: LHB Jeuyson Palomino 0-0: Called Strike
0-1: Swinging Strike
0-2: Ball
1-2: Strikes out swinging
Top of the 6th over - 0 runs, 1 hit, 0 errors, 1 left on base; Atlanta 3 - Miami 2
BOTTOM OF THE 6TH
Miami Marlins batting - Pitching for Atlanta Braves : RHP Eufemio Aleman
Pitching: RHP Jake Scumaci
Now at C: Griffin Bates
Now at 1B: Paul Carter
Now in LF: Michael Obodo
Batting: RHB Sam Calder 0-0: Called Strike
0-1: Ball
1-1: Foul Ball, location: 23FF
1-2: Ball
2-2: Foul Ball, location: 5SF
2-2: DOUBLE (Flyball, 78XD, EV 105.6 MPH)
Batting: LHB Standen Mocadlo 0-0: Called Strike
0-1: Ball
1-1: Ball
2-1: Ball
3-1: Base on Balls
Batting: LHB Kyle Campbell 0-0: Called Strike
0-1: Ball
Wild Pitch!
Sam Calder to third
Standen Mocadlo to second
1-1: Swinging Strike
1-2: Foul Ball, location: 2F
1-2: Strikes out swinging
Batting: RHB Ryan Ou 0-0: Ball
1-0: SINGLE (Groundball, 6MD, EV 98.1 MPH)
Sam Calder scores
Standen Mocadlo to third
Runner from 3rd tries for Home, SAFE, throw by CF to home
Batting: RHB Travis Williams 0-0: Ball
1-0: Ball
2-0: SINGLE (Line Drive, 8RS, EV 103.1 MPH)
Ryan Ou to second
Batting: LHB Russ Hicks 0-0: Called Strike
0-1: Fielders Choice at 2nd, 3-6 (Groundball, 3, EV 87.5 MPH)
Ryan Ou to third
Batting: LHB Joshua Roberts 0-0: Ball
1-0: Called Strike
1-1: Fly out, F9 (Flyball, 9D, EV 100.0 MPH)
Bottom of the 6th over - 2 runs, 3 hits, 0 errors, 2 left on base; Atlanta 3 - Miami 4
TOP OF THE 7TH
Atlanta Braves batting - Pitching for Miami Marlins : RHP Billy Ott
Pitching: RHP Charley Konno
Pinch Hitting: RHB Peter Guice 0-0: SINGLE (Line Drive, 56, EV 102.5 MPH)
Pinch Hitting: SHB Sam Vega 0-0: Ball
1-0: Bunted foul
1-1: Bunt missed!
1-2: Ball
2-2: Strikes out swinging
Batting: RHB C.J. Chayrez 0-0: Called Strike
0-1: Fly out, F9 (Line Drive, 89M, EV 90.6 MPH)
Batting: LHB Wyatt Ritter 0-0: Foul Ball, location: 7LMFF
0-1: Called Strike
0-2: Ball
1-2: Strikes out swinging
Top of the 7th over - 0 runs, 1 hit, 0 errors, 1 left on base; Atlanta 3 - Miami 4
BOTTOM OF THE 7TH
Miami Marlins batting - Pitching for Atlanta Braves : RHP Jake Scumaci
Pitching: RHP Nate Southard
Now at 2B: Sam Vega
Now at SS: Peter Guice
Batting: LHB David Almager 0-0: Ball
1-0: Ball
2-0: Ball
3-0: Base on Balls
Batting: LHB Michael Clark 0-0: Called Strike
0-1: Ball
1-1: Called Strike
David Almager steals 2nd base
1-2: Ball
2-2: Foul Ball, location: 5FF
2-2: Strikes out swinging
Batting: RHB Sam Calder 0-0: Called Strike
0-1: Ball
1-1: Called Strike
1-2: Foul Ball, location: 25F
1-2: Strikes out swinging
Batting: LHB Standen Mocadlo 0-0: Ball
1-0: Called Strike
1-1: Ball
2-1: Foul Ball, location: 7LMF
2-2: Ball
3-2: Foul Ball, location: 5SF
3-2: Base on Balls
Batting: LHB Kyle Campbell 0-0: Called Strike
0-1: Ball
1-1: Fly out, F8 (Flyball, 8RS, EV 77.5 MPH)
Bottom of the 7th over - 0 runs, 0 hits, 0 errors, 2 left on base; Atlanta 3 - Miami 4
TOP OF THE 8TH
Atlanta Braves batting - Pitching for Miami Marlins : RHP Charley Konno
Pitching: RHP Fraser Tezak
Pinch Hitting: LHB Adrian Cooke 0-0: Ball
1-0: Called Strike
1-1: SINGLE (Groundball, 34D, EV 110.6 MPH)
Pinch Hitting: LHB Rodrigo Ortiz 0-0: Ball
1-0: Ball
2-0: Swinging Strike
2-1: Called Strike
2-2: Foul Ball, location: 3FF
2-2: Fly out, F4 (Line Drive, 4D, EV 71.9 MPH)
Batting: LHB Michael Obodo 0-0: Ball
1-0: Ball
2-0: Called Strike
2-1: Foul Ball, location: 25FF
2-2: Strikes out looking
Pitching: LHP Simon Lohry
Batting: RHB Griffin Bates 0-0: Ball
1-0: Ball
2-0: Ball
3-0: Called Strike
3-1: DOUBLE (Groundball, 5L, EV 105.6 MPH)
Adrian Cooke to third
Batting: RHB Zachary Halter 0-0: Swinging Strike
0-1: Ball
1-1: Called Strike
1-2: Ball
2-2: Strikes out swinging
Top of the 8th over - 0 runs, 2 hits, 0 errors, 2 left on base; Atlanta 3 - Miami 4
BOTTOM OF THE 8TH
Miami Marlins batting - Pitching for Atlanta Braves : RHP Nate Southard
Pitching: LHP Joe Velasco
Now at 1B: Carlos De La Torre
Now in RF: Adrian Cooke
Batting: RHB Ryan Ou 0-0: Ball
1-0: Ball
2-0: Fly out, F7 (Flyball, 7D, EV 96.3 MPH)
Batting: RHB Travis Williams 0-0: Foul Ball, location: 2F
0-1: Ground out 6-3 (Groundball, 6, EV 88.8 MPH)
Pinch Hitting: RHB Wil De Jesus 0-0: Foul Ball, location: 9LSF
0-1: Foul Ball, location: 2F
0-2: Strikes out swinging
Bottom of the 8th over - 0 runs, 0 hits, 0 errors, 0 left on base; Atlanta 3 - Miami 4
TOP OF THE 9TH
Atlanta Braves batting - Pitching for Miami Marlins : LHP Simon Lohry
Pitching: LHP Casey Kramm
Now at 1B: Wil De Jesus
Batting: RHB Peter Guice 0-0: Swinging Strike
0-1: Ball
1-1: Foul Ball, location: 23F
1-2: Foul Ball, location: 9LDF
1-2: Ball
2-2: Strikes out swinging
Pinch Hitting: RHB Joe Jenkins 0-0: Called Strike
0-1: Ball
1-1: Called Strike
1-2: Foul Ball, location: 2F
1-2: Ball
2-2: Strikes out swinging
Batting: RHB C.J. Chayrez 0-0: Ball
1-0: Ball
2-0: Called Strike
2-1: Foul Ball, location: 7LDF
2-2: Foul Ball, location: 23F
2-2: Foul Ball, location: 5F
2-2: Foul Ball, location: 3FF
2-2: Strikes out swinging
Top of the 9th over - 0 runs, 0 hits, 0 errors, 0 left on base; Atlanta 3 - Miami 4
Saturday, April 13th , 2024 - OOTP Baseball 24.11 Build 85